 Dungeon Crawl Stone Soup version 0.29-a0-418-gc0181ea820 (webtiles) character file.

Game seed: 1797006603145868596

26228 holysushi the Spry (level 13, -3/141 HPs)
             Began as an Octopode Artificer on May 17, 2022.
             Was an Initiate of Gozag.
             Slain by a seven-headed hydra (9 damage)
             ... on level 4 of the Lair of Beasts on May 18, 2022.
             The game lasted 00:45:41 (18899 turns).

holysushi the Spry (Octopode Artificer)            Turns: 18899, Time: 00:45:42

Health: -3/141     AC: 30    Str: 22    XL:     13   Next: 24%
Magic:  0/13       EV:  2    Int: 19    God:    Gozag
Gold:   1444       SH:  0    Dex: 20    Spells: 9/12 levels left

rFire   + . .      SeeInvis .   n - +1 dagger (speed)
rCold   + + .      Faith    .   (no shield)
rNeg    + . .      Spirit   +   (helmet currently unavailable)
rPois   +          Reflect  .   z - amulet "Ygiclagi" {Spirit rElec Str+4}
rElec   +          Harm     .   j - +4 ring of protection
rCorr   +          Rampage  .   D - ring of Xom, Freezing {*Corrode rElec rF+ rN+ Will+++ Dex+3}
Will    +++..      NoTele   +   d - +6 ring of strength
Stlth   +++.......              G - +6 ring of intelligence
HPRegen 0.33/turn               v - ring of ice
MPRegen 0.13/turn               (no ring)
                                (no ring)
                                (no ring)

@: brilliant, tree-form, resistant, gold aura
A: stationary, stasis, torment immunity, boosted hp, almost no armour,
(amphibious), 8 rings, (camouflage 1), (gelatinous body 1), (nimble swimmer 1),
(tentacles)
a: Renounce Religion, Potion Petition, Call Merchant, Bribe Branch


You were on level 4 of the Lair of Beasts.
You worshipped Gozag.
Gozag was most pleased with you.
You were a tree.
You visited 3 branches of the dungeon, and saw 16 of its levels.
You also visited: Sewer.

You collected 2927 gold pieces.
You spent 1353 gold pieces at shops.
You paid 130 gold pieces to Gozag.

Inventory:

Hand Weapons
 a - the +7 Throatcutter {drain, coup de grace}
   (You found it on level 5 of the Dungeon)

   A truly terrible weapon, it drains the life of any living foe it strikes.
   It may instantly kill foes which have little health.
 b - the +5 hand crossbow of Disorder {elec, rCorr}
   (You found it on level 2 of the Lair of Beasts)

   Any ammunition fired from it occasionally discharges a powerful burst of
   electricity upon striking a foe.
   rCorr:     It protects you from acid and corrosion.
 i - a +0 vorpal rapier
 n - a +1 dagger of speed (weapon)
 J - a +0 rapier
Missiles
 A - 2 throwing nets
Jewellery
 d - a +6 ring of strength (on tentacle)
 j - a +4 ring of protection (left branch)
 v - a ring of ice (on tentacle)
 z - the amulet "Ygiclagi" (around neck) {Spirit rElec Str+4}
   (You acquired it on level 2 of the Dungeon)

   [amulet of guardian spirit]

   It causes incoming damage to be divided between your reserves of health and
   magic.
   Str:       It affects your strength (+4).
   rElec:     It insulates you from electricity.
 D - the ring of Xom, Freezing (right branch) {*Corrode rElec rF+ rN+ Will+++ Dex+3}
   (You acquired it on level 7 of the Dungeon)

   [ring of protection from fire]

   Dex:       It affects your dexterity (+3).
   rF:        It protects you from fire.
   rElec:     It insulates you from electricity.
   rN:        It protects you from negative energy.
   *Corrode:  It may corrode you when you take damage.
   Will:      It greatly increases your willpower.
 F - a ring of ice
 G - a +6 ring of intelligence (on tentacle)
Wands
 c - a wand of charming (10)
 o - a wand of polymorph (20)
 K - a wand of flame (9)
Scrolls
 g - 2 scrolls of enchant armour
 k - 7 scrolls of blinking
 q - 9 scrolls of teleportation
 r - 2 scrolls of magic mapping
 s - 9 scrolls of identify
 t - 3 scrolls of enchant weapon
 y - a scroll of fear
Potions
 e - 9 potions of curing
 f - 3 potions of attraction
 h - 4 potions of haste
 l - 2 potions of lignification
 m - 2 potions of flight
 p - 3 potions of brilliance
 u - 2 potions of heal wounds {unknown}
 w - 2 potions of degeneration {unknown}
 x - a potion of ambrosia {unknown}
 B - a potion of berserk rage {unknown}
 H - 2 potions of resistance
 I - a potion of mutation {unknown}
Miscellaneous
 C - a lightning rod (1/4)


   Skills:
 + Level 10.8 Fighting
 - Level 10.4 Short Blades
 + Level 2.5 Crossbows
 + Level 16.0 Dodging
 - Level 3.0 Stealth
 - Level 3.4 Evocations


You had 9 spell levels left.
You knew the following spells:

 Your Spells              Type           Power      Damage    Failure   Level
a - Apportation           Tloc           0%         N/A       21%         1
b - Blink                 Tloc           0%         N/A       30%         2

Your spell library contained the following spells:

 Spells                   Type           Power      Damage    Failure   Level
 Animate Skeleton         Necr           0%         N/A       21%         1
 Shock                    Conj/Air       0%         1d3       21%         1
 Summon Small Mammal      Summ           0%         N/A       21%         1
 Ensorcelled Hibernation  Hex/Ice        0%         N/A       30%         2
 Passwall                 Tmut/Erth      0%         N/A       30%         2
 Lesser Beckoning         Tloc           0%         N/A       52%         3
 Swiftness                Air            0%         N/A       52%         3
 Airstrike                Air            0%         N/A       90%         4
 Manifold Assault         Tloc           0%         N/A       99%         5


Dungeon Overview and Level Annotations

Branches:
Dungeon (11/15)            Temple (1/1) D:6            Lair (4/6) D:10
  Swamp (0/4) Lair:3        Sewer (visited)
  Snake: Lair:2-4    Spider: Lair:2-4       Orc: D:9-12

Altars:
Ashenzari
Cheibriados
Dithmenos
Elyvilon
Fedhas
Gozag
Hepliaklqana
Kikubaaqudgha
Makhleb
Nemelex Xobeh
Okawaru
Qazlal
Ru
Sif Muna
Trog
Uskayaw
Vehumet
Wu Jian
Xom
Yredelemnul
Zin
The Shining One

Shops:
D:2 ?(   D:7 :?[?

Annotations:
D:5 exclusion: downstairs
D:8 exclusion: orange demon, Amaemon
D:10 exclusion: downstairs
Lair:1 exclusion: 2 downstairs
Lair:3 exclusion: 2 downstairs


Innate Abilities, Weirdness & Mutations

You are a tree.
Your roots penetrate the ground, keeping you stationary.
You cannot be teleported.
You are immune to unholy pain and torment.
Your maximum health is greatly increased.
You cannot wear most types of armour.
((You are amphibious.))
You can wear up to eight rings at the same time.
((Your skin changes colour to match your surroundings (Stealth+).))
((Your rubbery body absorbs attacks. (AC +1, EV +1)))
((You are camouflaged when in or above water. (Stealth+)))
((You have tentacles for arms and can constrict up to eight enemies at once.))


Message History

You hit the seven-headed hydra.
You punch the seven-headed hydra, but do no damage.
The seven-headed hydra is moderately wounded.
The seven-headed hydra bites you but does no damage. x3
The seven-headed hydra bites you! The seven-headed hydra bites you. x2
* * * LOW HITPOINT WARNING * * *
The seven-headed hydra bites you.
* * * LOW HITPOINT WARNING * * *
Aiming: Charm
Press: ? - help, Shift-Dir - straight line, f - yak, p - seven-headed hydra
Aim: a yak (severely wounded, extremely poisoned, chance to affect: 58%)
The yak is charmed.
The seven-headed hydra bites you but does no damage. x2
The seven-headed hydra bites you.
* * * LOW HITPOINT WARNING * * *
The seven-headed hydra bites you!
* * * LOW HITPOINT WARNING * * *
The seven-headed hydra bites you but does no damage.
The seven-headed hydra bites you.
* * * LOW HITPOINT WARNING * * *
The seven-headed hydra barely misses you.
It was a potion of brilliance.
You feel clever all of a sudden.
The seven-headed hydra barely misses you.
The seven-headed hydra bites you!
* * * LOW HITPOINT WARNING * * *
The seven-headed hydra bites you but does no damage. x4
The seven-headed hydra bites you.
* * * LOW HITPOINT WARNING * * *
It was a potion of resistance.
You feel protected.
The dream sheep is no longer distracted by gold.
The seven-headed hydra bites you.
* * * LOW HITPOINT WARNING * * *
The seven-headed hydra bites you but does no damage.
The seven-headed hydra bites you.
* * * LOW HITPOINT WARNING * * *
The seven-headed hydra bites you!
You die...
Your body crumbles into a pile of gold.

###.°###°# #..°.#...##
#○.°○.°°..# ....○...°#
.°.$...○#P #.○...°°°.
#$°.°..○..
...........P #Y♣.○..#
.........°...°.$D..###
..............°°#...#
.............Y.# ###.#
.........○.°.$# #
......D..○...#
.........○..°
....<.......
............


You could see a seven-headed hydra, a dream sheep and a friendly yak (charmed,
extremely poisoned).

Vanquished Creatures
  A two-headed ogre (D:11)
  Sonja (Lair:2)
  Nergalle (Lair:1)
  A bog body (Lair:3)
  Maurice (D:8)
  6 elephants
  2 torpor snails
  3 black mambas
  6 cane toads
  A gargoyle (D:10)
  7 komodo dragons
  2 kobold demonologists
  3 rime drakes
  2 polar bears (Lair:2)
  2 trolls
  Grinder (D:6)
  3 dream sheep (Lair:4)
  3 hornets
  4 blink frogs
  2 wyverns
  3 wraiths
  26 yaks
  4 basilisks
  7 vampire mosquitoes
  An acid dragon (D:11)
  7 water moccasins
  2 orc warriors
  Pargi (Sewer)
  3 ice beasts
  2 sky beasts
  A swamp drake (D:10)
  2 black bears
  6 centaurs
  An ogre (D:6)
  2 phantoms
  4 kobold brigands
  10 bullfrogs
  2 gnoll sergeants
  A necrophage (D:5)
  3 scorpions
  22 wights
  5 killer bees (D:9)
  2 howler monkeys
  An electric eel (D:10)
  2 jellies
  5 hounds
  7 orc priests
  Jessica (D:3)
  2 iguanas
  Terence (D:2)
  A gnoll shaman (D:6)
  6 orc wizards
  14 gnolls
  7 adders
  A river rat (D:4)
  A shadow imp (D:6)
  3 white imps
  4 ufetubi
  A worm (D:4)
  2 dart slugs
  28 orcs
  8 ball pythons
  7 endoplasms
  4 giant cockroaches
  2 goblins
  9 hobgoblins
  2 jackals (D:2)
  22 kobolds
  A quokka (D:5)
  10 bats
  4 frilled lizards
  8 rats
333 creatures vanquished.

Vanquished Creatures (others)
  2 orc wizards
  11 fungi
  8 plants
21 creatures vanquished.

Grand Total: 354 creatures vanquished

Notes
Turn   | Place    | Note
-------+----------+-------------------------------------------
     0 | D:1      | holysushi the Octopode Artificer began the quest for the
                  | Orb.
     0 | D:1      | Reached XP level 1. HP: 13/13 MP: 1/1
   101 | D:1      | Reached XP level 2. HP: 8/18 MP: 2/2
   532 | D:1      | Reached skill level 1 in Short Blades
   758 | D:1      | Reached XP level 3. HP: 17/23 MP: 3/3
  1222 | D:2      | Noticed Terence
  1226 | D:2      | Found Guchye's Magic Scroll Shop.
  1232 | D:2      | Killed Terence
  1460 | D:2      | Found a sparkling altar of Nemelex Xobeh.
  1542 | D:2      | Reached XP level 4. HP: 28/28 MP: 4/4
  1733 | D:2      | Bought a scroll of blinking for 75 gold pieces
  1744 | D:2      | Found Loddop's Antique Weapon Emporium.
  2128 | D:2      | Found a faded altar of an unknown god.
  2251 | D:3      | Noticed Jessica
  2258 | D:3      | Killed Jessica
  2405 | D:3      | Noticed a scorpion
  2596 | D:3      | Reached XP level 5. HP: 33/33 MP: 5/5
  2895 | D:4      | Found a glowing drain.
  2972 | Sewer    | Entered a sewer
  3007 | Sewer    | Noticed Pargi
  3015 | Sewer    | Killed Pargi
  3016 | Sewer    | Reached skill level 5 in Short Blades
  3016 | Sewer    | Reached XP level 6. HP: 40/40 MP: 6/6
  3124 | D:4      | Learned a level 1 spell: Apportation
  3127 | D:4      | Learned a level 2 spell: Blink
  3389 | D:4      | Reached XP level 7. HP: 45/45 MP: 7/7
  3564 | D:5      | Entered Level 5 of the Dungeon
  4144 | D:5      | Found an iron altar of Okawaru.
  4408 | D:5      | Reached XP level 8. HP: 54/54 MP: 8/8
  4428 | D:5      | Found the +7 Throatcutter {drain, coup de grace}
  4637 | D:6      | Noticed Grinder
  4665 | D:6      | Killed Grinder
  4822 | D:6      | Found a radiant altar of Vehumet.
  4825 | D:6      | Found a stormy altar of Qazlal.
  4825 | D:6      | Found a hide-covered altar of Uskayaw.
  4832 | D:6      | Reached skill level 5 in Fighting
  5409 | D:6      | Reached XP level 9. HP: 62/62 MP: 9/9
  5504 | D:6      | Found a staircase to the Ecumenical Temple.
  5523 | Temple   | Entered the Ecumenical Temple
  5696 | Temple   | Became a worshipper of Gozag Ym Sagoz the Greedy
  6375 | D:7      | Noticed a troll
  6412 | D:7      | Found Vuoch's Book Shoppe.
  6438 | D:7      | Found Jauplub's Magic Scroll Shop.
  6478 | D:7      | Reached skill level 3 in Dodging
  6582 | D:7      | Reached skill level 4 in Dodging
  6745 | D:7      | Found Buan's Magic Scroll Emporium.
  6750 | D:7      | Found Peufebra's Armour Shoppe.
  6776 | D:7      | Noticed a hornet
  6778 | D:7      | Paralysed by a hornet for 1 turns
  6782 | D:7      | Killed a hornet
  6783 | D:7      | Reached skill level 5 in Dodging
  7217 | D:7      | Noticed a hornet
  7320 | D:8      | Reached skill level 6 in Dodging
  7870 | D:7      | Killed a troll
  7871 | D:7      | Reached skill level 7 in Dodging
  8019 | D:7      | Reached XP level 10. HP: 69/69 MP: 10/10
  8234 | D:8      | Reached skill level 8 in Dodging
  8347 | D:8      | Found a snail-covered altar of Cheibriados.
  8697 | D:8      | Noticed Maurice
  8854 | D:8      | Killed Maurice
  8990 | D:8      | Reached skill level 9 in Dodging
  9061 | D:8      | Noticed Amaemon
  9061 | D:8      | Noticed an orange demon
 10021 | D:2      | Bought a scroll of acquirement for 520 gold pieces
 10022 | D:2      | Acquired the amulet "Ygiclagi" {Spirit rElec Str+4}
 10030 | D:2      | Bought a scroll of teleportation for 30 gold pieces
 10199 | D:9      | Found a broken altar of Ashenzari.
 10203 | D:9      | Noticed a kobold demonologist
 10208 | D:9      | Killed a kobold demonologist
 10209 | D:9      | Reached skill level 10 in Dodging
 10878 | D:9      | Reached skill level 11 in Dodging
 11176 | D:9      | Reached XP level 11. HP: 56/74 MP: 11/11
 11571 | D:9      | Reached skill level 12 in Dodging
 11889 | D:7      | Bought a scroll of acquirement for 728 gold pieces
 11890 | D:7      | Acquired the ring of Xom, Freezing {*Corrode rElec rF+ rN+
                  | Will+++ Dex+3}
 12050 | D:10     | Entered Level 10 of the Dungeon
 12777 | D:10     | Reached skill level 13 in Dodging
 13095 | D:10     | Found a staircase to the Lair.
 13888 | D:11     | Noticed a two-headed ogre
 13909 | D:11     | Noticed a two-headed ogre
 13972 | D:11     | Killed a two-headed ogre
 13973 | D:11     | Reached skill level 10 in Short Blades
 14064 | D:11     | Noticed a six-headed hydra
 14160 | Lair:1   | Entered Level 1 of the Lair of Beasts
 14163 | Lair:1   | Noticed Nergalle
 14173 | D:10     | Reached skill level 14 in Dodging
 14358 | Lair:1   | Killed Nergalle
 14359 | Lair:1   | Reached XP level 12. HP: 80/81 MP: 10/12
 15595 | Lair:2   | Reached skill level 15 in Dodging
 15831 | Lair:2   | Noticed Sonja
 16500 | Lair:2   | Killed Sonja
 16501 | Lair:2   | Reached skill level 10 in Fighting
 16984 | Lair:2   | Identified the +5 hand crossbow of Disorder {elec, rCorr}
 17859 | Lair:3   | Reached XP level 13. HP: 92/92 MP: 13/13
 18195 | Lair:3   | Reached skill level 1 in Crossbows
 18360 | Lair:3   | Found a staircase to the Swamp.
 18888 | Lair:4   | Reached skill level 16 in Dodging
 18899 | Lair:4   | HP: 6/141 [seven-headed hydra (4)]
 18899 | Lair:4   | Slain by a seven-headed hydra

Illustrated notes

Levels and vault maps discovered:
D:1:      ncdulo_watergridlock, layout_loops_corners
D:2:      layout_rooms, shapermc_ecumenical_altar_petra, basic_altar,
          serial_shops, shop, nicolae_shop_advertising_works
          [nicolae_subvault_shop_adworks], uniq_terence
D:3:      layout_loops_ring, uniq_jessica
D:4:      layout_rooms, portal_sewer_entry_b, abandoned_shop, minmay_quantized
D:5:      layout_cave_pools, okawaru_metal_pillars_1_2
D:6:      layout_cave_pools, grunt_temple_overflow_open,
          minmay_temple_entry_drinking_statues, grunt_ministairs_10,
          hangedman_decor_riveting, uniq_grinder
D:7:      layout_rooms, serial_shops, kennysheep_mini, nicolae_diamond_shop,
          shop, nicolae_shop_crystal, columned_hall_lemuel,
          minmay_misc_feat_diagonals
D:8:      layout_loops_corners, cheibriados_altar_1, serial_aquarium,
          aquarium_bridge_square [aquarium_subvault_bridge,
          aquarium_subvault_bridge, aquarium_subvault_wall,
          aquarium_subvault_bridge], aquarium_bridge_straight
          [aquarium_subvault_bridge, aquarium_subvault_wall,
          aquarium_subvault_bridge, aquarium_subvault_wall], aquarium_window_2,
          aquarium_window_fake, aquarium_window_corridor_3, aquarium_view_2f,
          aquarium_pool_corner, uniq_amaemon, uniq_maurice
D:9:      layout_loops_ring, ashenzari_conservatory_becter, eino_tiny_chamber
D:10:     layout_stronghold, erik_lair_dragon, minivault_14,
          minmay_misc_feat_tiny
D:11:     layout_big_octagon
Temple:   eino_temple_scatter_basement
Lair:1:   layout_big_grid, lemuel_old_faithful, uniq_nergalle
Lair:2:   layout_regular_city, grunt_megastairs_3, uniq_sonja
Lair:3:   layout_gridlike, skrybe_swamp_entry_bodies
Lair:4:   layout_cave_pods, nicolae_spider_entry_non_spiders

Skill      XL: |  1  2  3  4  5  6  7  8  9 10 11 12 13 |
---------------+----------------------------------------+-----
Short Blades   | 1 2 4 5 7 9 10 | 10.4
Stealth        | 3 |  3.0
Fighting       | 2 4 5 6 7 10 | 10.8
Dodging        | 7 11 14 15 16 | 16.0
Crossbows      | 2 |  2.5
Evocations     | |  3.4

Action                   |  1- 3 |  4- 6 |  7- 9 | 10-12 | 13-15 || total
-------------------------+-------+-------+-------+-------+-------++-------
Melee: Dagger            |    54 |    97 |    66 |       |     4 ||   221
       Unarmed           |     8 |       |       |     2 |       ||    10
       Constrict         |    13 |    21 |    39 |    55 |     2 ||   130
       Tentacles         |    13 |    23 |    41 |    94 |     7 ||   178
       Punch             |     1 |     1 |     1 |    12 |     2 ||    17
       Long sword        |       |       |   124 |   404 |    18 ||   546
 Fire: Hand crossbow     |       |       |       |    28 |    36 ||    64
 Cast: Apportation       |       |       |     2 |       |       ||     2
Evoke: Wand              |     4 |     1 |    18 |     7 |     1 ||    31
       Lightning rod     |       |       |       |     6 |     2 ||     8
  Use: Scroll            |       |    11 |     2 |     4 |     2 ||    19
       Potion            |       |       |     1 |     1 |     3 ||     5
 Stab: Sleeping          |     8 |     7 |     8 |    10 |       ||    33
       Distracted        |       |       |     5 |     7 |       ||    12
Armor: Skin              |     8 |    21 |    45 |    50 |    41 ||   165
Dodge: Dodged            |    37 |    44 |   129 |   429 |    25 ||   664

Table legend: (Time is in decaauts)
 A = Elapsed time spent in this place.
 B = Non-inter-level travel time spent in this place.
 C = Inter-level travel time spent in this place.
 D = Time resting spent in this place.
 E = Time spent auto-exploring this place.
 F = Levels seen in this place.
 G = Mean time per level.
                   A        B        C        D        E       F      G
               +--------+--------+--------+--------+--------+-----+--------+
         Total |  18946 |  18003 |    943 |   6411 |   7048 |  17 | 1114.5 |
       Dungeon |  14204 |  13521 |    683 |   4571 |   5364 |  11 | 1291.3 |
        Temple |    182 |    162 |     20 |      0 |    145 |   1 |  182.0 |
          Lair |   4484 |   4245 |    239 |   1840 |   1537 |   4 | 1121.0 |
         Sewer |     74 |     74 |      0 |      0 |      2 |   1 |   74.0 |
               +--------+--------+--------+--------+--------+-----+--------+

Top non-repeatable levels by time:
     D:8: 1911 daAuts
    D:10: 1902 daAuts
     D:9: 1867 daAuts
     D:7: 1804 daAuts
  Lair:3: 1631 daAuts
  Lair:1: 1526 daAuts
     D:6: 1430 daAuts
     D:1: 1403 daAuts
  Lair:2: 1303 daAuts
     D:5: 1119 daAuts
     D:4: 884 daAuts
     D:2: 818 daAuts
     D:3: 719 daAuts
    D:11: 343 daAuts
  Temple: 182 daAuts
